 Dungeon Crawl Stone Soup version 0.29.1-2-gbd0b4ee654 (webtiles) character file.

Game seed: 668287903681599332

4298 leafyfresh the Destroyer (level 10, -1/59 HPs)
             Began as a Tengu Air Elementalist on Nov 8, 2022.
             Was a Priest of Vehumet.
             Slain by a killer bee (3 damage)
             ... on level 8 of the Dungeon on Nov 9, 2022.
             The game lasted 00:35:37 (11073 turns).

leafyfresh the Destroyer (Tengu Air Elementalist)  Turns: 11073, Time: 00:35:41

Health: -1/59      AC:  7    Str: 11    XL:     10   Next: 32%
Magic:  10/17      EV: 17    Int: 23    God:    Vehumet [***...]
Gold:   421        SH:  0    Dex: 21    Spells: 6/17 levels left

rFire   + . .      SeeInvis +   N - +7 mace of Variability {chain chaos}
rCold   . . .      Faith    .   (shield currently unavailable)
rNeg    + . .      Spirit   .   D - +2 ring mail "Gaurch" {Str+3 SInv}
rPois   .          Reflect  .   (helmet restricted)
rElec   .          Harm     .   (no cloak)
rCorr   .          Rampage  .   (no gloves)
Will    .....                   (boots unavailable)
Stlth   +++.......              k - amulet of Autumn {Fly rF+ Will- Regen+ Dex+7}
HPRegen 0.99/turn               g - ring of see invisible
MPRegen 0.15/turn               i - ring of positive energy

@: lethally poisoned (-1 -> -9), flying quickly and evasively, quick
A: beak, talons 3, nimble flight, clever 1
a: Renounce Religion


You were on level 8 of the Dungeon.
You worshipped Vehumet.
Vehumet was most pleased with you.
You visited 2 branches of the dungeon, and saw 10 of its levels.

You collected 421 gold pieces.

Inventory:

Hand Weapons
 c - a +0 dagger of protection
 l - a +0 dagger of protection
 w - a +2 vorpal hand axe
 I - a +3 falchion of freezing
 N - the +7 mace of Variability (weapon) {chain chaos}
   (You found it on level 8 of the Dungeon)

   Each time it hits an enemy it has a different, random effect.
   It occasionally unleashes arcs of chaos on nearby creatures upon striking a
   foe.
Missiles
 f - a throwing net
 H - 6 poisoned darts
Armour
 a - a +0 robe
 D - the +2 ring mail "Gaurch" (worn) {Str+3 SInv}
   (You found it on level 3 of the Dungeon)

   Str:       It affects your strength (+3).
   SInv:      It lets you see invisible.
Magical Staves
 B - a staff of poison
Jewellery
 g - a ring of see invisible (left hand)
 i - a ring of positive energy (right hand)
 k - the amulet of Autumn (around neck) {Fly rF+ Will- Regen+ Dex+7}
   (You found it on level 2 of the Dungeon)

   [amulet of regeneration]

   Dex:       It affects your dexterity (+7).
   rF:        It protects you from fire.
   Fly:       It grants you flight.
   Regen:     It increases your rate of health regeneration.
   Will:      It decreases your willpower.
 r - a ring of resist corrosion
 C - a ring of resist corrosion
Wands
 p - a wand of mindburst (15)
 A - a wand of flame (21)
 E - a wand of iceblast (2)
 G - a wand of acid (8)
 M - a wand of charming (8)
Scrolls
 d - 7 scrolls of teleportation
 j - 2 scrolls of vulnerability
 m - a scroll of fear {unknown}
 s - a scroll of silence
 t - 2 scrolls of fog {unknown}
 u - 2 scrolls of enchant weapon {unknown}
 x - a scroll of magic mapping {unknown}
 y - a scroll of blinking
 F - a scroll of amnesia {unknown}
 J - 2 scrolls of identify
 K - a scroll of brand weapon {unknown}
 L - a scroll of enchant armour {unknown}
Potions
 b - a potion of magic
 e - 2 potions of attraction
 h - 3 potions of might
 n - a potion of heal wounds
 o - 2 potions of haste
 q - a potion of lignification
 v - 2 potions of brilliance
 z - a potion of cancellation {unknown}


   Skills:
 - Level 5.0 Fighting
 + Level 3.0 Armour
 + Level 6.9 Dodging
 + Level 7.5 Stealth
 - Level 4.2 Spellcasting
 - Level 8.1 Conjurations
 - Level 5.3 Fire Magic
 - Level 7.0 Air Magic


You had 6 spell levels left.
You knew the following spells:

 Your Spells              Type           Power      Damage    Failure   Level
a - Shock                 Conj/Air       100%       1d9       1%          1
b - Static Discharge      Conj/Air       39%        3-8/arc   1%          2
c - Swiftness             Air            37%        N/A       3%          3
d - Foxfire               Conj/Fire      100%       2x1d9     1%          1
e - Airstrike             Air            18%        2d(3-19)  3%          4

Your spell library contained the following spells:

 Spells                   Type           Power      Damage    Failure   Level
 Frozen Ramparts          Ice            8%         1d2       17%         3
 Conjure Flame            Conj/Fire      35%        6-21      1%          3
 Flame Wave               Conj/Fire      35%        2d10      4%          4
 Inner Flame              Hex/Fire       17%        N/A       6%          3
 Apportation              Tloc           8%         N/A       24%         1
 Necrotise                Necr           16%        1d4       24%         1
 Gell's Gravitas          Tloc           4%         N/A       56%         3
 Ozocubu's Armour         Ice            4%         N/A       56%         3
 Teleport Other           Tloc           4%         N/A       56%         3
 Vampiric Draining        Necr           4%         2d6       56%         3
 Agony                    Necr           4%         N/A       100%        5
 Alistair's Intoxication  Tmut/Pois      2%         N/A       100%        5
 Metabolic Englaciation   Hex/Ice        2%         N/A       100%        5
 Dispersal                Tloc           2%         N/A       100%        6
 Simulacrum               Ice/Necr       2%         N/A       100%        6


Dungeon Overview and Level Annotations

Branches:
Dungeon (9/15)             Temple (1/1) D:4
   Lair: D:8-11         Orc: D:9-12

Altars:
Ashenzari
Cheibriados
Dithmenos
Elyvilon
Fedhas
Gozag
Hepliaklqana
Kikubaaqudgha
Makhleb
Nemelex Xobeh
Okawaru
Qazlal
Ru
Sif Muna
Trog
Uskayaw
Vehumet
Wu Jian
Xom
Yredelemnul
Zin
The Shining One

Shops:
D:1 [   D:5 =   D:7 [

Annotations:
D:5 2 transporters, leafyfresh's ghost, novice OpEE
D:6 3 runed translucent doors, lotum's ghost, novice DsAK
D:8 3 runed translucent doors, Ekaitz's ghost, novice DsFE
Temple 2 transporters


Innate Abilities, Weirdness & Mutations

You have a beak for a mouth.
You have claws for feet.
Your magical nature lets you fly swiftly and evasively.
Your mind is acute. (Int +4, Str/Dex -1)


Message History

You are struck by an arc of lightning.
The killer bee is struck by an arc of lightning.
You kill the killer bee!
Vehumet accepts your kill.
Vehumet is now aiding your destructive spells.
The lightning grounds out.
The killer bee buzzes angrily.
You feel very sick. The killer bee stings you!
* * * LOW HITPOINT WARNING * * *
You are more poisoned.
The killer bee poisons you! The killer bee closely misses you. x2
Your Armour skill increases to level 3!
Unknown command.
Casting: Static Discharge (safe; 1% risk of failure)
Confirm with . or Enter, or press ? or * to list all spells.
The killer bee is struck by an arc of lightning.
The killer bee is moderately wounded.
You are struck by an arc of lightning.
* * * LOW HITPOINT WARNING * * *
The killer bee is struck by an arc of lightning.
The killer bee is almost dead.
The killer bee is struck by an arc of lightning.
The killer bee is moderately wounded.
You are struck by an arc of lightning.
* * * LOW HITPOINT WARNING * * *
The lightning grounds out.
The killer bee is struck by an arc of lightning.
The killer bee is severely wounded.
You are struck by an arc of lightning.
* * * LOW HITPOINT WARNING * * *
The lightning grounds out.
* * * LOW HITPOINT WARNING * * *
You feel very sick. The killer bee closely misses you.
The killer bee stings you.
* * * LOW HITPOINT WARNING * * *
The killer bee misses you. The killer bee barely misses you.
The killer bee stings you but does no damage.
The killer bee stings you.
You die...

########## ## #......... ..
##.##########.
#............ ##..######..#
#.......#yy######
#...###.#@y...... .. #...#
#.#...##### ###. #...#
#.#...###########.#. #...#
#.................#.
##...######..#...........#.
#....#...# ................
##.###.#.###############...
#......#...................
#####################...##.


You could see 3 killer bees.

Vanquished Creatures
  A shadow (D:9)
  A steam dragon (D:5)
  3 chaos spawn (D:8)
  3 vampire mosquitoes (D:7)
  Menkaure (D:4)
  A water moccasin (D:5)
  An ice beast (D:7)
  An ogre (D:5)
  3 centaurs
  2 phantoms
  A kobold brigand (D:7)
  A bullfrog (D:9)
  3 scorpions
  A necrophage (D:5)
  5 jellies
  8 wights
  9 killer bees
  5 howler monkeys
  2 hounds
  7 orc priests
  Ijyb (D:3)
  Jessica (D:3)
  Terence (D:3)
  3 iguanas (D:5)
  12 orc wizards
  3 gnolls (D:7)
  5 adders
  A shadow imp (D:8)
  An ufetubus (D:5)
  2 worms
  3 dart slugs
  27 orcs
  7 endoplasms
  6 goblins
  8 hobgoblins
  2 quokkas
  8 ball pythons
  3 bats
  2 frilled lizards (D:2)
  13 kobolds
  6 rats
174 creatures vanquished.

Vanquished Creatures (others)
  5 foxfires
5 creatures vanquished.

Grand Total: 179 creatures vanquished

Notes
Turn   | Place    | Note
-------+----------+-------------------------------------------
     0 | D:1      | leafyfresh the Tengu Air Elementalist began the quest for
                  | the Orb.
     0 | D:1      | Reached XP level 1. HP: 10/10 MP: 4/4
   183 | D:1      | Reached skill level 2 in Conjurations
   280 | D:1      | Reached XP level 2. HP: 12/15 MP: 6/6
   333 | D:1      | Found a faded altar of an unknown god.
   447 | D:1      | Learned a level 2 spell: Static Discharge
   931 | D:1      | Reached XP level 3. HP: 19/19 MP: 7/7
   933 | D:1      | Found Yphaul Pid's Antique Armour Shop.
  1249 | D:2      | Reached skill level 3 in Conjurations
  1496 | D:2      | Identified the amulet of Autumn {Fly rF+ Will- Regen+
                  | Dex+7}
  1592 | D:2      | Reached skill level 5 in Air Magic
  2151 | D:3      | Noticed a phantom
  2158 | D:3      | Killed a phantom
  2159 | D:3      | Reached skill level 4 in Conjurations
  2159 | D:3      | Reached XP level 4. HP: 4/24 MP: 1/8
  2159 | D:3      | Gained mutation: Your magical nature lets you fly swiftly
                  | and evasively. [Tengu growth]
  2159 | D:3      | Reached XP level 5. HP: 5/28 MP: 1/9
  2385 | D:3      | Noticed Terence
  2397 | D:3      | Killed Terence
  2537 | D:3      | Noticed Ijyb
  2548 | D:3      | Killed Ijyb
  2549 | D:3      | Reached skill level 1 in Fighting
  2553 | D:3      | Learned a level 3 spell: Swiftness
  2754 | D:3      | Reached XP level 6. HP: 11/35 MP: 3/10
  2916 | D:3      | Identified the +2 ring mail "Gaurch" {Str+3 SInv}
  3099 | D:3      | Noticed Jessica
  3106 | D:3      | Killed Jessica
  3480 | D:4      | Noticed Menkaure
  3515 | D:4      | Found a hazy altar of Hepliaklqana.
  3516 | D:4      | Found a sacrificial altar of Ru.
  3516 | D:4      | Found a hide-covered altar of Uskayaw.
  3516 | D:4      | Found a blossoming altar of Fedhas.
  3517 | D:4      | Found a burning altar of Makhleb.
  3519 | D:4      | Found a snail-covered altar of Cheibriados.
  3520 | D:4      | Found a broken altar of Ashenzari.
  3613 | D:4      | Found a staircase to the Ecumenical Temple.
  3622 | Temple   | Entered the Ecumenical Temple
  3622 | Temple   | Found a transporter.
  3622 | Temple   | Found a transporter.
  3624 | Temple   | Found a transporter.
  3624 | Temple   | Found a transporter.
  3641 | Temple   | Became a worshipper of Vehumet
  3659 | D:4      | Learned a level 1 spell: Foxfire
  3935 | D:5      | Entered Level 5 of the Dungeon
  4139 | D:5      | Reached XP level 7. HP: 33/40 MP: 4/11
  4711 | D:5      | Reached skill level 5 in Dodging
  4711 | D:5      | Reached XP level 8. HP: 48/48 MP: 5/12
  4963 | D:5      | Found Facekuli's Jewellery Shop.
  4982 | D:5      | Found a transporter.
  5002 | D:5      | Found a white marble altar of Elyvilon.
  5077 | D:5      | Found a transporter.
  5162 | D:5      | Reached skill level 5 in Stealth
  5237 | D:5      | Found a sparkling altar of Nemelex Xobeh.
  5625 | D:5      | Reached * piety under Vehumet
  5625 | D:5      | Offered knowledge of Magic Dart by Vehumet.
  5847 | D:5      | Reached skill level 5 in Fighting
  6017 | D:6      | Found a runed translucent gate.
  6019 | D:6      | Found a runed translucent gate.
  6019 | D:6      | Found a runed translucent gate.
  6020 | D:6      | Noticed lotum's ghost (novice DsAK)
  6127 | D:6      | Gained mutation: You expend magic power (3 MP) to
                  | strengthen your wands. [potion of mutation]
  6127 | D:6      | Gained mutation: Your flesh is heat resistant. (rF+)
                  | [potion of mutation]
  6195 | D:6      | Lost mutation: You expend magic power (3 MP) to strengthen
                  | your wands. [potion of mutation]
  6195 | D:6      | Lost mutation: Your flesh is heat resistant. (rF+) [potion
                  | of mutation]
  6195 | D:6      | Gained mutation: Your mind is acute. (Int +4, Str/Dex -1)
                  | [potion of mutation]
  6594 | D:6      | Learned a level 4 spell: Airstrike
  6708 | D:7      | Reached skill level 1 in Fire Magic
  6764 | D:7      | Found Bargh's Armour Boutique.
  6976 | D:5      | Noticed leafyfresh's ghost (novice OpEE)
  7235 | D:4      | Killed Menkaure
  7236 | D:4      | Reached skill level 5 in Conjurations
  7824 | D:7      | Reached XP level 9. HP: 26/54 MP: 7/13
  7874 | D:7      | Reached ** piety under Vehumet
  7875 | D:7      | Reached skill level 6 in Conjurations
  7884 | D:7      | You are sucked into a shaft and drop 2 floors!
  8071 | D:9      | Offered knowledge of Poisonous Vapours by Vehumet.
  8311 | D:9      | Reached skill level 7 in Conjurations
  9208 | D:7      | Reached skill level 5 in Fire Magic
  9353 | D:7      | Reached skill level 8 in Conjurations
  9432 | D:7      | Reached XP level 10. HP: 36/59 MP: 11/17
  9728 | D:7      | Reached skill level 1 in Armour
  9962 | D:8      | Offered knowledge of Frozen Ramparts by Vehumet.
 10066 | D:8      | Found a runed translucent gate.
 10187 | D:8      | Found a runed translucent gate.
 10187 | D:8      | Found a runed translucent gate.
 10192 | D:8      | Noticed Ekaitz's ghost (novice DsFE)
 10302 | D:8      | Found the +7 mace of Variability {chain chaos}
 10304 | D:8      | Found a shimmering altar of Xom.
 10337 | D:8      | Reached *** piety under Vehumet
 11073 | D:8      | HP: 2/59 [killer bee (3)]
 11073 | D:8      | Slain by a killer bee

Illustrated notes

Levels and vault maps discovered:
D:1:      dpeg_arrival_tiny_k, layout_loops_corners,
          nicolae_ecumenical_snake_handling, serial_shops, shop
D:2:      layout_loops_ring
D:3:      minmay_spotlight, layout_basic, skrybe_limestone_x, uniq_ijyb,
          uniq_jessica, uniq_terence
D:4:      layout_cave_pools, minitemple, minmay_temple_entry_hall, uniq_menkaure
D:5:      layout_basic, mainiacjoe_overflow_cross_hatched,
          nemelex_dance_club_becter, serial_shops, shop,
          gammafunk_ghost_mausoleum
D:6:      layout_loops_ring, ebering_ghost_rock_garden
D:7:      layout_cave_pools, serial_shops, nicolae_shop_hallway_stairs,
          kennysheep_generic_room_11
D:8:      layout_basic, ebering_ghost_rock_garden,
          minmay_guarded_unrand_variability
D:9:      layout_loops_ring, kennysheep_decorative_pillar
Temple:   hellmonk_temple_divided_pantheon

Skill      XL: |  1  2  3  4  5  6  7  8  9 10 |
---------------+-------------------------------+-----
Conjurations   | 2 4 5 8 |  8.1
Air Magic      | 5 6 7 |  7.0
Fighting       | 1 2 3 5 |  5.0
Dodging        | 3 5 6 |  6.9
Stealth        | 3 4 6 7 |  7.5
Fire Magic     | 2 5 |  5.3
Spellcasting   | 4 |  4.2
Armour         | 3 |  3.0

Action                   |  1- 3 |  4- 6 |  7- 9 | 10-12 || total
-------------------------+-------+-------+-------+-------++-------
Melee: Dagger            |    75 |    35 |    55 |     3 ||   168
       Kick              |    18 |     9 |    25 |     3 ||    55
       Unarmed           |     2 |       |       |       ||     2
       Peck              |    14 |     4 |    14 |     1 ||    33
       Punch             |     1 |     1 |     1 |       ||     3
       Great mace        |       |       |       |     4 ||     4
 Cast: Shock             |    14 |    33 |   112 |    51 ||   210
       Static Discharge  |     6 |    12 |    62 |    21 ||   101
       Swiftness         |       |     1 |       |       ||     1
       Foxfire           |       |       |     3 |       ||     3
       Airstrike         |       |       |     2 |       ||     2
  Use: Scroll            |       |     8 |     6 |     1 ||    15
       Potion            |       |       |     6 |       ||     6
 Stab: Sleeping          |     7 |     6 |     2 |     1 ||    16
Armor: Robe              |    14 |     4 |    18 |       ||    36
       Ring mail         |       |       |       |     8 ||     8
Dodge: Dodged            |    41 |    18 |   119 |    30 ||   208
